 Dungeon Crawl Stone Soup version 0.22-a0-553-g9358b0b (webtiles) character file.

116 iamserjio the Chopper (level 5, -12/32 HPs)
             Began as a Gargoyle Fighter on June 25, 2018.
             Mangled by an orc warrior
             ... wielding a +0 hand axe
              (15 damage)
             ... on level 6 of the Dungeon.
             The game lasted 00:03:32 (523 turns).

iamserjio the Chopper (Gargoyle Fighter)             Turns: 523, Time: 00:03:33

Health: -12/32     AC: 10    Str: 24    XL:     5   Next: 0%
Magic:  5/5        EV:  7    Int:  9    God:
Gold:   91         SH:  9    Dex: 10    Spells: 4/4 levels left

rFire    . . .     SeeInvis .   a - +0 war axe
rCold    . . .     Gourm    .   c - +0 shield
rNeg     + . .     Faith    .   b - +0 scale mail
rPois    ∞         Spirit   .   (no helmet)
rElec    +         Reflect  .   (no cloak)
rCorr    .         Harm     .   (no gloves)
MR       .....                  (no boots)
Stlth    ..........             (no amulet)
HPRegen  0.10/turn              (no ring)
MPRegen  0.09/turn              (no ring)

@: mighty
A: negative energy resistance 1, electricity resistance, unbreathing,
petrification resistance, rot immunity, AC +4
a: no special abilities


You were on level 6 of the Dungeon.
You were not hungry.

You visited 1 branch of the dungeon, and saw 6 of its levels.

You collected 91 gold pieces.

Inventory:

Hand Weapons
 a - a +0 war axe (weapon)
Armour
 b - a +0 scale mail (worn)
 c - a +0 shield (worn)
Jewellery
 o - an uncursed ring of protection from magic {unknown}
 p - a cursed ring of teleportation {unknown}
Wands
 g - a wand of disintegration (11)
Scrolls
 i - 3 scrolls of remove curse {unknown}
 j - a scroll of fog {unknown}
 k - 2 scrolls of identify {unknown}
 l - a scroll of noise {unknown}
 n - a scroll of teleportation {unknown}
Potions
 e - a potion of haste {unknown}
 h - a potion of lignification {unknown}
 m - a potion of curing {unknown}
Comestibles
 f - 6 rations


   Skills:
 - Level 3.2 Fighting
 + Level 4.5 Axes
 - Level 3.2 Armour
 - Level 3.2 Shields


You had 4 spell levels left.
You didn't know any spells.
Your spell library was empty.

Dungeon Overview and Level Annotations

Branches:
Dungeon (6/15)
 Temple: D:4-7

Altars:
Hepliaklqana


Innate Abilities, Weirdness & Mutations

You are resistant to torment.
Your stone body is resilient. (AC +4)
You are immune to poison.
You resist negative energy. (rN+)
You are resistant to electric shocks. (rElec)
You can survive without breathing.
You are immune to petrification.
You are immune to rotting.


Message History

You kill the orc!
You have reached level 5!
Found 32 sling bullets.
A shadow imp comes into view.
The shadow imp shouts, "Get thee hence, thou foppish flat-headed nert!"
You hit the orc warrior but do no damage.
The orc warrior hits you with a hand axe!
Your shield and scale mail prevent you from hitting the orc warrior.
You block the orc warrior's attack. You block the orc warrior's attack.
You hit the orc warrior but do no damage.
You block the orc warrior's attack.
You barely miss the orc warrior. You block the orc warrior's attack.
You feel very mighty all of a sudden.
The orc warrior hits you with a hand axe!
* * * LOW HITPOINT WARNING * * *
You slice the orc warrior!!
The orc warrior is severely wounded.
The orc warrior hits you with a hand axe!
You die...

...#....#
.(......# #......#
#......# #......#
. #.....)# # ..
..#...)..###.##...
......†.5o@.......
..##.....###.#.(..
..........<..# .
#.########5### #
#... .....#
..!.... .........
#........


You could see an orc warrior and a shadow imp.

Vanquished Creatures
  A scorpion (D:5)
  Terence (D:2)
  An adder (D:2)
  A dart slug (D:3)
  An orc (D:6)
  A ball python (D:3)
  4 bats
  2 giant cockroaches
  2 goblins
  2 hobgoblins (D:2)
  3 jackals (D:1)
  3 quokkas (D:2)
  3 frilled lizards (D:2)
  A kobold (D:1)
  A rat (D:2)
27 creatures vanquished.

Notes
Turn   | Place    | Note
-------+----------+-------------------------------------------
     0 | D:1      | iamserjio the Gargoyle Fighter began the quest for the Orb.
     0 | D:1      | Reached XP level 1. HP: 14/14 MP: 1/1
    48 | D:1      | Reached skill level 2 in Axes
   103 | D:1      | Reached XP level 2. HP: 16/19 MP: 2/2
   214 | D:2      | Found a hazy altar of Hepliaklqana.
   249 | D:2      | Reached skill level 3 in Axes
   249 | D:2      | Reached XP level 3. HP: 14/23 MP: 3/3
   276 | D:2      | Noticed Terence
   302 | D:2      | Killed Terence
   327 | D:2      | Reached XP level 4. HP: 14/28 MP: 4/4
   478 | D:5      | Entered Level 5 of the Dungeon
   501 | D:5      | Reached skill level 4 in Axes
   511 | D:6      | Noticed an orc warrior
   513 | D:6      | Reached XP level 5. HP: 25/32 MP: 5/5
   523 | D:6      | Mangled by an orc warrior

Vault maps used:
D:1:      lightli_arrival_windingriver
D:2:      lemuel_crystal_altar, tgw_fedhas, uniq_terence
D:3:      yredelemnul_forgotten_temple_becter, makhleb_blood_cavern_becter,
          lemuel_crystal_altar, uniq_ijyb
D:4:      okawaru_trees_2, lemuel_temple_firewalk_a, serial_shops,
          nicolae_shop_statue_plus, minmay_gold_behind_fungi, bh_chokoban
D:5:      lemuel_blue_sif_altar, nicolae_ru_awakened_eye, first_ration,
          uniq_menkaure, uniq_pikel
D:6:      kennysheep_little_box, serial_park_tiny_1

Skill      XL: |  1  2  3  4 |
---------------+-------------+-----
Axes           | 2 3 4 |  4.5
Fighting       | |  3.2
Armour         | |  3.2
Shields        | |  3.2

Action                   |  1- 3 |  4- 6 || total
-------------------------+-------+-------++-------
Melee: War axe           |    96 |    32 ||   128
  Use: Potion            |       |     1 ||     1
Armor: Scale mail        |    38 |    12 ||    50
Dodge: Dodged            |    36 |    11 ||    47
Block: Shield            |    55 |    23 ||    78

Table legend:
 A = Spawn XP
 B = Non-spawn XP
 C = Spawn XP percentage of total XP
 D = Spawn monster count
 E = Non-spawn monster count
 F = Spawn count percentage of total count
 G = Total turns spent on level
                    A         B        C        D         E        F      G
               +---------+---------+-------+---------+---------+-------+---------
         Total |       0 |     166 |   0.0 |       0 |      27 |   0.0 |   523
               +---------+---------+-------+---------+---------+-------+---------
           D:1 |       0 |      12 |   0.0 |       0 |       7 |   0.0 |   135
           D:2 |       0 |      69 |   0.0 |       0 |      14 |   0.0 |   222
           D:3 |       0 |       8 |   0.0 |       0 |       3 |   0.0 |    81
           D:5 |       0 |      72 |   0.0 |       0 |       1 |   0.0 |    28
           D:6 |       0 |       5 |   0.0 |       0 |       2 |   0.0 |    17
               +---------+---------+-------+---------+---------+-------+---------
